AoeStats
← Hitokirivan

Arena

508652769Analyzed
4v4 RM · 10d ago on Sep 23, 2026· 20m 56s· 8 players
Game mode
Random Map
Map size
Large (8 player)
Population
200
Speed
Normal
Resources
Standard
Victory
Conquest
Starting age
Dark Age
Ending age
Imperial Age
RankedLock teamsTeams togetherTeam positionsShared explorationLock speedFull tech treeHidden civsTurbo modeCheats
Victory
Defeat
🇦🇷 Teutons · Argentina
1162
+13
🇧🇷 Franks · Brazil
1085
+16
🇵🇪 Cumans · Peru
1041
+18
🇵🇪 Huns · Peru
1025
+19
🇨🇳 Poles · China
1127
-18
🇮🇳 Britons · India
1117
-18
🇨🇳 Mapuche · China
1060
-15
🇹🇷 Teutons · Türkiye
1058
-15
VAPO
4:44 Loom
9:32 Loom
11:18 Feudal Age
15:38 Castle Age
14:20 Double-Bit Axe
15:54 Scale Barding Armor
19:47 Fletching
RafaelKubo
9:19 Feudal Age
10:06 Double-Bit Axe
10:37 Loom
12:16 Scale Mail Armor
Hitokirivan
6:32 Loom
9:03 Feudal Age
10:42 Loom
11:11 Double-Bit Axe
13:23 Fletching
13:35 Padded Archer Armor
23:01 Castle Age
[FeI] Red Army
7:23 Loom
9:25 Feudal Age
13:17 Fletching
Nukro
4:48 Loom
10:49 Feudal Age
13:13 Fletching
13:37 Double-Bit Axe
16:39 Horse Collar
00000
11:02 Feudal Age
14:44 Castle Age
13:13 Double-Bit Axe
13:25 Loom
13:46 Fletching
casuai
10:08 Feudal Age
10:44 Loom
12:09 Town Watch
15:07 Castle Age
13:02 Champi Runner
15:57 Forging
^_^
10:37 Feudal Age
12:22 Double-Bit Axe
14:54 Castle Age
12:45 Horse Collar
Connection lost

Rejoining the realm…

Still unreachable

The connection could not be restored.

Session expired

The server has moved on; the page needs a fresh start.